 Dungeon Crawl Stone Soup version 0.31-a0-986-g5e6e4ef867 (webtiles) character file.

Game seed: 7227923624895856365

338 Jeffwins the Insei (level 6, -4/36 HPs)
             Began as a Kobold Shapeshifter on Nov 18, 2023.
             Slain by Menkaure (16 damage)
             ... in an ossuary.
             The game lasted 00:05:28 (3121 turns).

Jeffwins the Insei (Kobold Shapeshifter)            Turns: 3121, Time: 00:05:28

Health: -4/36      AC:  6    Str: 11    XL:     6   Next: 85%
Magic:  6/6        EV: 15    Int: 14    God:
Gold:   191        SH:  5    Dex: 14    Spells: 5/5 levels left

rFire   . .          .
                       - Unarmed
rCold   . . .        (no shield)
rNeg    . . .        a - +0 animal skin
rPois   .            (helmet currently unavailable)
rElec   .            (cloak currently unavailable)
rCorr   .            (gloves currently unavailable)
SInv    .            (boots currently unavailable)
Will    .....        j - amulet of reflection
Stlth   +++          L - ring of flight
HPRegen 0.26/turn    O - +4 ring of protection
MPRegen 0.10/turn

%: reflection
@: beast-form, flying
A: beast (slay +2), small, no large weapons, nightstalker 3
a: Begin Untransformation


You were in an ossuary.
You were a hulking beast.
You visited 1 branch of the dungeon, and saw 4 of its levels.
You also visited: Ossuary.

You collected 191 gold pieces.


Innate Abilities, Weirdness & Mutations

You are a hulking beast.
Your limbs bulge with bestial killing power. (Slay +2)
You are small and have problems with some larger weapons.
You are completely attuned to the shadows.


   Skills:
 + Level 2.7 Fighting
 + Level 0.8 Throwing
 + Level 3.6 Dodging
 + Level 3.1 Stealth
 * Level 4.4 Unarmed Combat
 * Level 4.3 Shapeshifting


You had 5 spell levels left.
You didn't know any spells.
Your spell library was empty.

Inventory:

Hand Weapons
 h - a +2 dagger of draining
Missiles
 r - a curare-tipped dart {=f}
Armour
 a - a +0 animal skin (worn)
 l - a scarf of shadows
Jewellery
 g - an amulet of magic regeneration
 j - an amulet of reflection (around neck)
 L - a ring of flight (left hand)
 O - a +4 ring of protection (right hand)
Talismans
 c - a beast talisman
 d - a flux talisman
 e - a beast talisman
Scrolls
 i - a scroll of poison {!r}
 k - 2 scrolls of teleportation {@r4}
 q - 2 scrolls of noise {unknown}
Potions
 b - a potion of lignification {!q}
 f - a potion of curing {unknown}
 m - 2 potions of brilliance {unknown}
 o - a potion of haste {unknown}
 p - 3 potions of might

Dungeon Overview and Level Annotations

Branches:
Dungeon (4/15)            Ossuary (1/1)
 Temple: D:4-7

Altars:
Wu Jian

Annotations:
D:4 2 transporters Ossuary Menkaure

▒....▒....▒....▒....'.▒..▒
▒....▒....▒....▒....▒.▒..▒
▒▒▒▒▒▒▒▒▒▒▒▒▒▒▒▒▒▒▒▒▒.'..▒
▒....▒▒▒..▒
....▒....▒.▒..▒
!...▒....'.▒..▒
??..▒....▒.'..▒
$!..▒▒▒▒▒▒▒▒..▒
!?.Mh....▒.▒..▒
!...▒....'.▒..▒
....▒....▒.'..▒
....▒....▒▒▒..▒ ▒▒▒▒▒▒▒▒▒▒
▒..▒ ▒..▒ +..▒ ▒..▒


You could see Menkaure (fast).


Message History

You hit Menkaure but do no damage. Menkaure barely misses you.
You hit Menkaure.
Menkaure is moderately damaged.
You hit Menkaure but do no damage.
Menkaure is moderately damaged.
Menkaure misses you.
You hit Menkaure.
Menkaure is moderately damaged.
Menkaure barely misses you.
Unknown command.
You hit Menkaure.
Menkaure is heavily damaged.
Menkaure whispers in an indecipherable tongue.
Menkaure gestures wildly while chanting.
Menkaure seems to speed up.
Unknown command.
You hit Menkaure.
Menkaure is severely damaged.
Menkaure points at you and mumbles some strange words.
Pain shoots through your body!
Unknown command.
You hit Menkaure but do no damage. Your punch misses Menkaure.
Menkaure is severely damaged.
Menkaure hits you!
* * * LOW HITPOINT WARNING * * *
Unknown command.
You barely miss Menkaure.
Menkaure is severely damaged.
Menkaure hits you!
You die...

Skill      XL: |  1  2  3  4  5  6 |
---------------+-------------------+-----
Stealth        | 1 2 3 |  3.1
Fighting       | 2 |  2.7
Dodging        | 3 |  3.6
Unarmed Combat | 4 |  4.4
Shapeshifting  | 4 |  4.3
Throwing       | |  0.8

Action                     |  1- 3 |  4- 6 || total
---------------------------+-------+-------++-------
  Melee: Unarmed           |    87 |   230 ||   317
         Punch             |     3 |     7 ||    10
    Use: Potion            |       |     2 ||     2
         Scroll            |       |     4 ||     4
   Stab: Sleeping          |    19 |    21 ||    40
 Armour: Animal skin       |    26 |    69 ||    95
  Dodge: Dodged            |    54 |    99 ||   153
  Block: Other             |     6 |    34 ||    40

Levels and vault maps discovered:
D:1:      ncdulo_watergridlock, layout_loops_ring, serial_glass,
          glass_columns_a, glass_columns_a, glass_columns_a,
          shapermc_ecumenical_altar_flowoftime
D:2:      minmay_razor_zed, layout_basic
D:3:      layout_basic, grunt_gozag_statues, nicolae_qazlal_general_emergency,
          elyvilon_altar_5, amethyst_overflow_temple_binary
D:4:      gammafunk_steamed_eel, layout_basic, fedhas_ov_isle_minmay,
          mainiacjoe_overflow_six_doors_small, enter_ossuary_4, serial_shops,
          shop
Ossuary:  ossuary_boxes_badplayer

Notes
Turn   | Place    | Note
-------+----------+-------------------------------------------
     0 | D:1      | Jeffwins the Kobold Shapeshifter began the quest for the
                  | Orb.
     0 | D:1      | Reached XP level 1. HP: 12/12 MP: 1/1
   106 | D:1      | Reached XP level 2. HP: 12/16 MP: 2/2
   450 | D:1      | Found a faded altar of an unknown god.
   584 | D:1      | Reached skill level 1 in Stealth
   640 | D:1      | Reached XP level 3. HP: 20/20 MP: 3/3
  1262 | D:2      | Reached XP level 4. HP: 22/26 MP: 4/4
  1906 | D:2      | Reached skill level 2 in Fighting
  1906 | D:2      | Reached skill level 3 in Dodging
  1906 | D:2      | Reached skill level 2 in Stealth
  1906 | D:2      | Reached XP level 5. HP: 11/30 MP: 5/5
  2203 | D:3      | You are sucked into a shaft and drop 1 floor!
  2363 | D:4      | Found a transporter.
  2389 | D:4      | Found a transporter.
  2504 | D:4      | Found an ornate altar of the Wu Jian Council.
  2554 | D:4      | Noticed a kobold brigand
  2584 | D:4      | Killed a kobold brigand
  2585 | D:4      | Reached skill level 4 in Unarmed Combat
  2585 | D:4      | Reached skill level 4 in Shapeshifting
  2585 | D:4      | Reached XP level 6. HP: 17/36 MP: 6/6
  2608 | D:4      | Found a sand-covered staircase.
  2628 | Ossuary  | Entered an ossuary
  2825 | Ossuary  | Reached skill level 3 in Stealth
  2877 | Ossuary  | Noticed Menkaure
  3001 | Ossuary  | HP: 1/36 [mummy (12)]
  3121 | Ossuary  | Slain by Menkaure

Vanquished Creatures
  A kobold brigand (D:4)
  A human zombie (Ossuary)
  An orc priest (D:2)
  2 ogre zombies (Ossuary)
  4 mummies (Ossuary)
  3 adders
  2 adder zombies (Ossuary)
  3 worms (D:2)
  4 dart slugs
  4 orcs
  7 ball pythons
  6 endoplasms
  3 giant cockroaches
  3 goblins
  4 hobgoblins
  2 jackals (D:1)
  6 quokkas
  4 bats
  3 frilled lizards
  3 hobgoblin zombies (Ossuary)
  5 kobolds
  A kobold zombie (Ossuary)
  2 quokka zombies (Ossuary)
  6 rats
  3 rat zombies
83 creatures vanquished.

Table legend: (Time is in decaauts)
 A = Elapsed time spent in this place.
 B = Non-inter-level travel time spent in this place.
 C = Inter-level travel time spent in this place.
 D = Time resting spent in this place.
 E = Time spent auto-exploring this place.
 F = Levels seen in this place.
 G = Mean time per level.
                   A        B        C        D        E       F      G
               +--------+--------+--------+--------+--------+-----+--------+
         Total |   3100 |   2995 |    105 |    243 |   1911 |   5 |  620.0 |
       Dungeon |   2614 |   2509 |    105 |     75 |   1744 |   4 |  653.5 |
       Ossuary |    485 |    485 |      0 |    168 |    167 |   1 |  485.0 |
               +--------+--------+--------+--------+--------+-----+--------+

Top non-repeatable levels by time:
     D:1: 1007 daAuts
     D:2: 983 daAuts
 Ossuary: 485 daAuts
     D:4: 422 daAuts
     D:3: 201 daAuts

Table legend:
 A = Non-vault XP
 B = Vault XP
 C = Vault XP percentage of total XP
 D = Non-vault monster count
 E = Vault monster count
 F = Vault count percentage of total count
                 A         B        C        D         E       F
            +---------+---------+-------+---------+---------+-------
      Total |     268 |     215 |  44.5 |      52 |      31 |  37.3
            +---------+---------+-------+---------+---------+-------
        D:1 |      40 |       0 |   0.0 |      23 |       0 |   0.0
        D:2 |      93 |      27 |  22.5 |      19 |      13 |  40.6
        D:3 |      13 |       0 |   0.0 |       5 |       0 |   0.0
        D:4 |     122 |       2 |   1.6 |       5 |       2 |  28.6
    Ossuary |       0 |     186 | 100.0 |       0 |      16 | 100.0
            +---------+---------+-------+---------+---------+-------
